 Dungeon Crawl Stone Soup version 0.30-a0-939-gc8157cb160 (webtiles) character file.

Game seed: 16441677060204712774

72 Jackthecabe the Sneak (level 3, -2/29 HPs)
             Began as a Demigod Brigand on Mar 26, 2023.
             Slain by a sleepcap (20 damage)
             ... on level 4 of the Dungeon.
             The game lasted 00:05:31 (2843 turns).

Jackthecabe the Sneak (Demigod Brigand)             Turns: 2843, Time: 00:05:32

Health: -2/29      AC:  5    Str: 12    XL:     3   Next: 80%
Magic:  5/5        EV:  2    Int: 13    God:
Gold:   178        SH:  0    Dex: 19    Spells: 2/2 levels left

rFire   . . .      SeeInvis .    a - +2 dagger
rCold   . . .      Faith    .    (no shield)
rNeg    . . .      Spirit   .    b - +0 robe
rPois   .          Reflect  +    (no helmet)
rElec   .          Rampage  .    c - +0 cloak
rCorr   .                        n - +0 pair of gloves
Will    .....                    A - +0 pair of boots
Stlth   +++                      q - amulet of reflection
HPRegen 0.24/turn                L - ring of flight
MPRegen 0.09/turn                (no ring)

@: sleeping, flying
A: high MP 1, forlorn, divine attributes
a: no special abilities


You were on level 4 of the Dungeon.
You visited 1 branch of the dungeon, and saw 4 of its levels.

You collected 178 gold pieces.


Innate Abilities, Weirdness & Mutations

You have an increased reservoir of magic. (+10% MP)
You shall have no god before yourself.
Your divine heritage dramatically boosts your attributes as you level up.


   Skills:
 - Level 1.7 Fighting
 + Level 3.1 Short Blades
 - Level 1.7 Throwing
 - Level 0.8 Dodging
 + Level 4.5 Stealth


You had 2 spell levels left.
You didn't know any spells.
Your spell library contained the following spells:

 Spells                   Type           Power      Damage    Failure   Level
 Beastly Appendage        Tmut           0%         N/A       30%         1
 Magic Dart               Conj           0%         1d3       30%         1
 Call Imp                 Summ           0%         N/A       43%         2
 Wereblood                Tmut           0%         N/A       43%         2
 Dazzling Flash           Conj/Hex       0%         N/A       67%         3
 Mephitic Cloud           Conj/Pois/Air  0%         N/A       67%         3
 Spider Form              Tmut/Pois      0%         N/A       67%         3
 Agony                    Necr           0%         N/A       100%        5
 Silence                  Hex/Air        0%         N/A       100%        5

Inventory:

Hand Weapons
 a - a +2 dagger (weapon)
 s - a +0 dagger of flaming
 z - a +2 whip of holy wrath
Missiles
 d - 8 poisoned darts (quivered)
 e - 3 curare-tipped darts {=f}
Armour
 b - a +0 robe (worn)
 c - a +0 cloak (worn)
 n - a +0 pair of gloves (worn)
 w - a +0 buckler
 A - a +0 pair of boots (worn)
Jewellery
 q - an amulet of reflection (around neck)
 L - a ring of flight (left hand)
Scrolls
 g - 5 scrolls of identify {unknown}
 h - 2 scrolls of silence {unknown}
 j - 3 scrolls of fear {unknown}
 p - a scroll of enchant weapon {unknown}
 v - a scroll of magic mapping {unknown}
 x - a scroll of torment {unknown}
 y - 4 scrolls of teleportation {unknown}
Potions
 f - a potion of brilliance {unknown}
 i - a potion of degeneration {unknown}
 k - a potion of flight {unknown}
 l - 2 potions of curing {unknown}
 m - 3 potions of heal wounds {@q2}
 o - a potion of haste {unknown}
 r - 3 potions of attraction {unknown}
 t - 2 potions of lignification {unknown}
 u - a potion of mutation {unknown}
 B - 2 potions of magic {unknown}

Dungeon Overview and Level Annotations

Branches:
Dungeon (4/15)
 Temple: D:4-7

### ##.###### ..######...###
#. #.#.....†....##
#.######.#.####......##
#.......<#.# ##.......
###.#......#.#####.......
#..............(....[.###
#.#.#.##...#.##.##....###
#####.#.#.##@..#.##.##.......
...........f...#.##..........
####..)#.##..##.######...###
###....#.###.# #.....#
##......# #.# ##.....
#.......# #▒▒ ▒▒▒#.#
#.......# ▒.# ##.....#.# ▒▒#
#........▒


You could see a sleepcap.


Message History

The sleepcap is heavily damaged.
The sleepcap barely misses you.
You hit the sleepcap.
The sleepcap is heavily damaged.
You hit the sleepcap but do no damage.
The sleepcap is heavily damaged.
The sleepcap barely misses you.
You hit the sleepcap but do no damage.
The sleepcap is heavily damaged.
The sleepcap releases spores at you.
* * * LOW HITPOINT WARNING * * *
Press: ? - help, v - describe, . - travel
Here: a sleepcap (heavily damaged)
The floor.
Unknown command.
It was a potion of heal wounds.
You feel much better. You block the sleepcap's attack.
The sleepcap attacks as you move away! The sleepcap releases spores at you.
Unknown command.
The sleepcap attacks as you move away!
The sleepcap releases spores at you but does no damage.
The sleepcap attacks as you move away! The sleepcap closely misses you.
You hit the sleepcap.
The sleepcap is heavily damaged.
The sleepcap releases spores at you.
You are engulfed in a cloud of soporific spores!
You fall asleep.
The sleepcap releases spores at you!!
Ouch! That really hurt!
You die...

Skill      XL: |  1  2  3 |
---------------+----------+-----
Short Blades   | 2 3 |  3.1
Stealth        | 4 |  4.5
Fighting       | |  1.7
Throwing       | |  1.7
Dodging        | |  0.8

Action                     || total
---------------------------++-------
  Melee: Dagger            ||   112
  Throw: Dart              ||     4
    Use: Potion            ||     1
   Stab: Sleeping          ||    15
 Armour: Robe              ||    11
  Dodge: Dodged            ||    31
  Block: Other             ||    12

Levels and vault maps discovered:
D:1:      kilobyte_arrival_exit_the_forest, layout_basic,
          hellmonk_ecumenical_altar_crossroads
D:2:      layout_basic
D:3:      layout_basic
D:4:      kennysheep_big_flooded_room, layout_loops_ring,
          grunt_temple_overflow_open, minmay_temple_entry_mist,
          minmay_quantized, uniq_blork_the_orc

Notes
Turn   | Place    | Note
-------+----------+-------------------------------------------
     0 | D:1      | Jackthecabe the Demigod Brigand began the quest for the
                  | Orb.
     0 | D:1      | Reached XP level 1. HP: 17/17 MP: 3/3
   251 | D:1      | Reached skill level 2 in Short Blades
   552 | D:1      | Reached XP level 2. HP: 24/24 MP: 4/4
  1052 | D:2      | Reached skill level 4 in Stealth
  1515 | D:2      | Reached XP level 3. HP: 27/29 MP: 5/5
  2218 | D:3      | Reached skill level 3 in Short Blades
  2635 | D:4      | Noticed a black bear
  2843 | D:4      | Slain by a sleepcap

Vanquished Creatures
  3 adders
  A worm (D:4)
  5 ball pythons
  A bat (D:3)
  5 endoplasms
  5 giant cockroaches
  2 goblins
  4 hobgoblins
  2 quokkas
  A frilled lizard (D:1)
  5 kobolds
  5 rats
39 creatures vanquished.

Table legend: (Time is in decaauts)
 A = Elapsed time spent in this place.
 B = Non-inter-level travel time spent in this place.
 C = Inter-level travel time spent in this place.
 D = Time resting spent in this place.
 E = Time spent auto-exploring this place.
 F = Levels seen in this place.
 G = Mean time per level.
                   A        B        C        D        E       F      G
               +--------+--------+--------+--------+--------+-----+--------+
         Total |   2828 |   2684 |    144 |     12 |   2201 |   4 |  707.0 |
       Dungeon |   2828 |   2684 |    144 |     12 |   2201 |   4 |  707.0 |
               +--------+--------+--------+--------+--------+-----+--------+

Top non-repeatable levels by time:
     D:1: 954 daAuts
     D:2: 891 daAuts
     D:3: 808 daAuts
     D:4: 174 daAuts

Table legend:
 A = Non-vault XP
 B = Vault XP
 C = Vault XP percentage of total XP
 D = Non-vault monster count
 E = Vault monster count
 F = Vault count percentage of total count
                 A         B        C        D         E       F
            +---------+---------+-------+---------+---------+-------
      Total |     103 |       0 |   0.0 |      39 |       0 |   0.0
            +---------+---------+-------+---------+---------+-------
        D:1 |      16 |       0 |   0.0 |      10 |       0 |   0.0
        D:2 |      48 |       0 |   0.0 |      15 |       0 |   0.0
        D:3 |      31 |       0 |   0.0 |      11 |       0 |   0.0
        D:4 |       8 |       0 |   0.0 |       3 |       0 |   0.0
            +---------+---------+-------+---------+---------+-------
